 Dungeon Sprint DCSS version 0.27-a0-1256-gced786f65e (webtiles) character file.

Game seed: 12436827007186023219

674 rocky1 the Blocker (level 7, -5/66 HPs)
             Began as a Minotaur Fighter on June 11, 2021.
             Was a Believer of Qazlal.
             Slain by a two-headed ogre
             ... wielding a +0 giant club
              (20 damage)
             ... in the Dungeon (Sprint III: "The Ten Rune Challenge").
             The game lasted 00:04:35 (1081 turns).

rocky1 the Blocker (Minotaur Fighter)               Turns: 1081, Time: 00:04:35

Health: -5/66      AC: 12    Str: 22    XL:     7   Next: 33%
Magic:  8/9        EV: 11    Int:  5    God:    Qazlal [**....]
Gold:   48         SH: 14    Dex: 10    Spells: 6/6 levels left

rFire    . . .     SeeInvis .   a - +0 long sword
rCold    . . .     Faith    .   c - +0 kite shield
rNeg     . . .     Spirit   .   b - +0 scale mail
rPois    .         Reflect  .   (helmet restricted)
rElec    .         Harm     .   (no cloak)
rCorr    .         Rampage  .   (no gloves)
Will     .....     NoTele   +   (no boots)
Stlth    ..........             (no amulet)
HPRegen  0.21/turn              k - +4 ring of protection
MPRegen  0.11/turn              (no ring)

@: no status effects
A: horns 2, retaliatory headbutt
a: Renounce Religion, Upheaval


You were in the Dungeon.
You worshipped Qazlal.
Qazlal was pleased with you.
You visited 1 branch You collected 48 gold pieces.

Inventory:

Hand Weapons
 a - a +0 long sword (weapon)
Armour
 b - a +0 scale mail (worn)
 c - a +0 kite shield (worn)
Jewellery
 k - a +4 ring of protection (left hand)
Scrolls
 d - a scroll of torment {unknown}
 i - 2 scrolls of immolation {unknown}
 j - a scroll of blinking
 m - 2 scrolls of identify
Potions
 e - a potion of curing
 f - a potion of heal wounds
 g - a potion of haste
 h - 2 potions of magic
 l - a potion of flight {unknown}
 n - a potion of cancellation {unknown}
 o - a potion of invisibility {unknown}
 p - 4 potions of mutation


   Skills:
 + Level 7.2 Fighting
 + Level 10.3 Long Blades
 + Level 8.1 Armour
 + Level 6.3 Dodging
 + Level 10.6 Shields
 + Level 4.0 Invocations


You had 6 spell levels left.
You didn't know any spells.
Your spell library contained the following spells:

 Spells                   Type           Power      Damage    Failure   Level
 Corona                   Hex            0%         N/A       91%         1
 Ensorcelled Hibernation  Hex/Ice        0%         N/A       97%         2
 Confusing Touch          Hex            0%         N/A       100%        3
 Dazzling Flash           Conj/Hex       0%         N/A       100%        3
 Tukima's Dance           Hex            0%         N/A       100%        3


Dungeon Overview and Level Annotations

Branches:
Dungeon (1/1)

Altars:
Cheibriados
Dithmenos
Fedhas
Gozag
Hepliaklqana
Kikubaaqudgha
Makhleb
Nemelex Xobeh
Qazlal
Ru
Sif Muna
Vehumet
Xom
Yredelemnul
Jiyva
Lugonu


Innate Abilities, Weirdness & Mutations

You have a pair of horns on your head.
You reflexively headbutt those who attack you in melee.


Message History

Okay, then.
You slash the two-headed ogre!
The two-headed ogre is heavily wounded.
You block the two-headed ogre's attack.
The two-headed ogre hits you with a +0 giant club!
You slash the two-headed ogre!
The two-headed ogre is severely wounded.
You block the two-headed ogre's attack. The two-headed ogre misses you.
You slash the two-headed ogre!
You kill the two-headed ogre!
Qazlal accepts your kill.
You can now call upon nature to destroy your foes.
Your Long Blades skill increases to level 10!
Your Dodging skill increases to level 6!
Your scale mail prevents you from hitting the two-headed ogre.
The two-headed ogre barely misses you. You furiously retaliate!
You headbutt the two-headed ogre, but do no damage.
You block the two-headed ogre's attack.
You slash the two-headed ogre!
Your headbutt misses the two-headed ogre.
The two-headed ogre is moderately wounded.
You slash the two-headed ogre!
The two-headed ogre is severely wounded.
You block the two-headed ogre's attack. x2
You slash the two-headed ogre!
The two-headed ogre is severely wounded.
The two-headed ogre hits you with a +0 giant club!!
* * * LOW HITPOINT WARNING * * *
You block the two-headed ogre's attack.
You slash the two-headed ogre!
You kill the two-headed ogre!
Qazlal accepts your kill.
Your Fighting skill increases to level 7!
Your Armour skill increases to level 8!
Your Invocations skill increases to level 4!
You slash the two-headed ogre!
Your headbutt misses the two-headed ogre.
The two-headed ogre is moderately wounded.
The two-headed ogre hits you with a +0 giant club!!
You die...

.#..###+#+###)##
'#..#..........#
#...'.⌠........#
#...#...######'#
....#.⌠.#__#...# #
....#...#__#...# #.#
....#)###__#...## ..
....#...#__#...'##.#
....#___#__'...#@O.#
▓▓▓▓▓▓▓▓▓▓▓▓▓▓▓▓▓▓▓▓


You could see a two-headed ogre.

Vanquished Creatures
  A shadow (D)
  A spatial vortex (D)
  A necrophage (D)
  2 two-headed ogres (D)
  A water elemental (D)
  A jelly (D)
  A necromancer (D)
  A wizard (D)
  A kobold demonologist (D)
  A human (D)
  A wolf (D)
  An endoplasm (D)
  3 rats (D)
16 creatures vanquished.

Vanquished Creatures (others)
  A hydra (D)
  4 plants (D)
5 creatures vanquished.

Grand Total: 21 creatures vanquished

Notes
Turn   | Place    | Note
-------+----------+-------------------------------------------
     0 | D        | rocky1 the Minotaur Fighter began the quest for the Orb.
     0 | D        | Reached XP level 1. HP: 19/19 MP: 0/0
    65 | D        | Reached skill level 5 in Long Blades
    65 | D        | Reached skill level 5 in Shields
    65 | D        | Reached XP level 2. HP: 26/26 MP: 1/1
   104 | D        | Killed a six-headed hydra
   145 | D        | Reached XP level 3. HP: 14/31 MP: 2/2
   150 | D        | Noticed a water elemental
   155 | D        | Killed a water elemental
   156 | D        | Reached XP level 4. HP: 4/39 MP: 3/3
   566 | D        | Reached skill level 1 in Dodging
   602 | D        | Noticed a shadow
   614 | D        | Killed a shadow
   615 | D        | Reached XP level 5. HP: 27/50 MP: 4/4
   760 | D        | Found a blossoming altar of Fedhas.
   760 | D        | Found a stormy altar of Qazlal.
   760 | D        | Found a snail-covered altar of Cheibriados.
   760 | D        | Found a burning altar of Makhleb.
   760 | D        | Found a shimmering altar of Xom.
   760 | D        | Noticed a spatial vortex
   762 | D        | Found a hazy altar of Hepliaklqana.
   762 | D        | Found an opulent altar of Gozag.
   762 | D        | Found a sparkling altar of Nemelex Xobeh.
   762 | D        | Found a corrupted altar of Lugonu.
   762 | D        | Found a viscous altar of Jiyva.
   765 | D        | Became a worshipper of Qazlal Stormbringer
   775 | D        | Killed a spatial vortex
   776 | D        | Reached skill level 5 in Dodging
   776 | D        | Reached XP level 6. HP: 47/57 MP: 4/6
   840 | D        | Found a basalt altar of Yredelemnul.
   840 | D        | Found a shadowy altar of Dithmenos.
   840 | D        | Found a sacrificial altar of Ru.
   845 | D        | Reached skill level 10 in Shields
   851 | D        | Reached * piety under Qazlal
   978 | D        | Found a radiant altar of Vehumet.
   978 | D        | Found a shimmering blue altar of Sif Muna.
   978 | D        | Found an ancient bone altar of Kikubaaqudgha.
   983 | D        | Noticed a smoke demon
   990 | D        | Reached XP level 7. HP: 52/64 MP: 8/8
  1075 | D        | Reached ** piety under Qazlal
  1076 | D        | Reached skill level 10 in Long Blades
  1081 | D        | Slain by a two-headed ogre

Illustrated notes

Levels and vault maps discovered:
D:        dungeon_sprint_mu [sprint_mu_entry_cave, sprint_mu_temple_rooms,
          sprint_mu_d1_spiders, sprint_mu_d2_genie, sprint_mu_d3_branching,
          sprint_mu_orc_legion, sprint_mu_elf_gauntlet, sprint_mu_hive_nellie,
          sprint_mu_lair_fedhas, sprint_mu_vaults_butterflies,
          sprint_mu_slime_circle, sprint_mu_swamp_cave, sprint_mu_snake_twists,
          sprint_mu_blade_basic, sprint_mu_crypt_fortress,
          sprint_mu_tomb_spiral, sprint_mu_vestibule_basic,
          sprint_mu_gehenna_hellfire, sprint_mu_dis_giant,
          sprint_mu_tartarus_statrot, sprint_mu_cocytus_islands, sprint_mu_zot1]

Skill      XL: |  1  2  3  4  5  6  7 |
---------------+----------------------+-----
Long Blades    | 5 7 9 10 | 10.3
Shields        | 5 6 8 9 10 | 10.6
Fighting       | 6 7 |  7.2
Armour         | 6 7 8 |  8.1
Dodging        | 4 5 6 |  6.3
Invocations    | 2 3 4 |  4.0

Action                   |  1- 3 |  4- 6 |  7- 9 || total
-------------------------+-------+-------+-------++-------
Melee: Long sword        |    24 |    45 |    12 ||    81
       Headbutt          |     1 |     8 |     1 ||    10
  Use: Potion            |     2 |       |       ||     2
Armor: Scale mail        |     6 |     5 |       ||    11
Dodge: Dodged            |     5 |     5 |     3 ||    13
Block: Kite shield       |     8 |    17 |     8 ||    33
       Rpst.: Long sword |     1 |     1 |       ||     2

Table legend: (Time is in decaauts)
 A = Elapsed time spent in this place.
 B = Non-inter-level travel time spent in this place.
 C = Inter-level travel time spent in this place.
 D = Time resting spent in this place.
 E = Time spent auto-exploring this place.
 F = Levels seen in this place.
 G = Mean time per level.
                   A        B        C        D        E       F      G
               +--------+--------+--------+--------+--------+-----+--------+
         Total |   1105 |   1105 |      0 |    823 |      0 |   1 | 1105.0 |
       Dungeon |   1105 |   1105 |      0 |    823 |      0 |   1 | 1105.0 |
               +--------+--------+--------+--------+--------+-----+--------+

Top non-repeatable levels by time:
       D: 1105 daAuts
